 Dungeon Crawl Stone Soup version 0.24.0-125-gc4c63601f3 (webtiles) character file.

Game seed: 17027747839909190996, levelgen mode: deterministic

171 grindst0ne the Skirmisher (level 5, -1/44 HPs)
             Began as a Human Wanderer on Feb 22, 2020.
             Was an Initiate of Cheibriados.
             Slain by Edmund
             ... wielding a +2 dire flail of draining
              (3 damage)
             ... on level 4 of the Dungeon.
             The game lasted 00:06:01 (3019 turns).

grindst0ne the Skirmisher (Human Wanderer)          Turns: 3019, Time: 00:06:02

Health: -1/44      AC:  8    Str: 16    XL:     5   Next: 81%
Magic:  5/5        EV: 14    Int: 11    God:    Cheibriados [......]
Gold:   228        SH:  0    Dex: 19    Spells: 4/4 levels left

rFire    + . .     SeeInvis .   n - +0 war axe
rCold    + . .     Gourm    .   (no shield)
rNeg     . . .     Faith    .   t - +1 scale mail {rC+}
rPois    .         Spirit   .   (no helmet)
rElec    .         Reflect  .   (no cloak)
rCorr    .         Harm     .   o - +0 pair of gloves
MR       .....                  (no boots)
Stlth    +.........             (no amulet)
HPRegen  0.14/turn              m - ring of protection from fire
MPRegen  0.09/turn              (no ring)

@: agile, hasted, very heavily drained, quick
A: no striking features
a: Bend Time, Renounce Religion


You were on level 4 of the Dungeon.
You worshipped Cheibriados.
Cheibriados was noncommittal.
You were not hungry.

You visited 1 branch of the dungeon, and saw 4 of its levels.

You collected 228 gold pieces.

Inventory:

Hand Weapons
 n - a +0 war axe (weapon)
Armour
 j - a +0 shield
 o - a +0 pair of gloves (worn)
 s - a +0 plate armour
 t - a +1 scale mail of cold resistance (worn)
Jewellery
 m - a ring of protection from fire (left hand)
Scrolls
 b - a scroll of noise {unknown}
 d - a scroll of teleportation
 e - a scroll of magic mapping {unknown}
 l - 7 scrolls of identify {unknown}
 q - a scroll of random uselessness {unknown}
Potions
 i - a potion of agility
Comestibles
 f - 11 rations


   Skills:
 - Level 5.1(0.7) Fighting
 * Level 4.5(0.2) Axes
   Level 2.0(0.0) Bows
 + Level 1.5(0.0) Armour
 + Level 1.0(0.0) Dodging
 - Level 1.0(0.0) Shields
   Level 1.0(0.0) Evocations


You had 4 spell levels left.
You didn't know any spells.
Your spell library contained the following spells:

 Spells                   Type           Power        Failure   Level  Hunger
 Animate Skeleton         Necr           N/A          80%         1    ##.....
 Apportation              Tloc           #.....       80%         1    ##.....
 Confusing Touch          Hex            #.....       80%         1    ##.....
 Summon Small Mammal      Summ           #...         80%         1    ##.....


Dungeon Overview and Level Annotations

Branches:
Dungeon (4/15)
 Temple: D:4-7

Altars:
Cheibriados
Vehumet
Yredelemnul
Zin

Annotations:
D:4 Edmund


Message History

You feel invigorated.
It was a potion of curing.
You feel better.
You feel less invigorated.
Edmund hits you with a +2 dire flail of draining!
You feel drained.
You hit Edmund but do no damage.
Edmund is heavily wounded.
Edmund misses you.
You barely miss Edmund.
Edmund is heavily wounded.
Your scale mail prevents you from hitting Edmund.
Edmund is heavily wounded.
Edmund hits you with a +2 dire flail of draining.
* * * LOW HITPOINT WARNING * * *
You feel drained.
You hit Edmund but do no damage.
Edmund is heavily wounded.
Edmund hits you with a +2 dire flail of draining!
* * * LOW HITPOINT WARNING * * *
You feel drained.
You die...

# ..#...... .### $.........
###...## ...
#....###.......## ..
...#......#........#
....#......#.....#.....###
#....#. #.......## #....#.
#<##.#.###........# #..##.
.......##........#####....
##.....##@##......#.......
#........@.##........#....
#.........#......####....
..#........#....[...##.....
......)..............##....
.............#........#....
...........?##.....#.......
...........%#.......#......
....##.............#####..<


You could see Edmund.

Vanquished Creatures
  A hound (D:2)
  A hound skeleton (D:4)
  4 adders
  An adder skeleton (D:2)
  4 worms
  A dart slug (D:3)
  A leopard gecko (D:3)
  10 orcs
  4 giant cockroaches
  6 goblins
  11 hobgoblins
  2 jackals (D:2)
  2 quokkas (D:2)
  5 bats
  2 frilled lizards
  6 kobolds
  A leopard gecko skeleton (D:4)
  5 rats
67 creatures vanquished.

Notes
Turn   | Place    | Note
-------+----------+-------------------------------------------
     0 | D:1      | grindst0ne the Human Wanderer began the quest for the Orb.
     0 | D:1      | grindst0ne set off with the following items: a +2 shortbow,
                  | 21 arrows, a +0 ring mail, a scroll of teleportation, a
                  | ration
     0 | D:1      | Reached XP level 1. HP: 21/21 MP: 1/1
   357 | D:1      | Reached skill level 1 in Axes
   357 | D:1      | Reached XP level 2. HP: 19/27 MP: 2/2
   679 | D:2      | Reached XP level 3. HP: 33/33 MP: 3/3
   729 | D:2      | Reached XP level 4. HP: 28/39 MP: 4/4
  1428 | D:2      | Found a radiant altar of Vehumet.
  1791 | D:2      | Reached XP level 5. HP: 39/44 MP: 5/5
  2505 | D:3      | Found a glowing silver altar of Zin.
  2505 | D:3      | Noticed an angel
  2804 | D:3      | Found a snail-covered altar of Cheibriados.
  2825 | D:3      | Became a worshipper of Cheibriados the Contemplative
  2936 | D:4      | Found a basalt altar of Yredelemnul.
  2984 | D:4      | Noticed Edmund
  2985 | D:4      | Reached skill level 1 in Dodging
  3006 | D:4      | HP: 2/44 [Edmund/+2 dire flail of draining (1)]
  3019 | D:4      | HP: 2/44 [Edmund/+2 dire flail of draining (11)]
  3019 | D:4      | Slain by Edmund

Levels and vault maps discovered:
D:1:      lemuel_arrival_tunnels, layout_loops_ring
D:2:      minmay_diamond_boxcup, layout_basic, nicolae_overflow_crystal_walls,
          first_ration
D:3:      layout_loops_ring, kennysheep_slug_shrine, zin_angel,
          columned_hall_lemuel, dk_vineyard_3
D:4:      layout_cave_pools, gammafunk_temple_overflow_arena,
          lemuel_doored_altar, elyvilon_altar_5, kennysheep_generic_room_4,
          uniq_sigmund, uniq_edmund

Skill      XL: |  1  2  3  4  5 |
---------------+----------------+-----
Axes           | 1 2 3 4 |  4.5
Dodging        | 1 |  1.0
Fighting       | |  5.1
Bows           | |  2.0
Armour         | |  1.5
Shields        | |  1.0
Evocations     | |  1.0

Action                   |  1- 3 |  4- 6 || total
-------------------------+-------+-------++-------
Melee: Dagger            |    21 |       ||    21
       Hand axe          |     2 |       ||     2
       Short sword       |    19 |   146 ||   165
       War axe           |       |    29 ||    29
 Fire: Shortbow          |     8 |       ||     8
  Use: Potion            |     2 |     5 ||     7
  Eat: Chunk             |       |     7 ||     7
Armor: Ring mail         |    24 |    31 ||    55
       Scale mail        |       |    60 ||    60
Dodge: Dodged            |    35 |   123 ||   158
